 Dungeon Crawl Stone Soup version 0.27.0-1-g7a089689b8 (console) character file.

Game seed: 15234631421670065921

21 jejorda2 the Skirmisher (level 2, 0/33 HPs)
             Began as an Ogre Abyssal Knight on Aug 1, 2021.
             Was a Follower of Lugonu.
             Slain by a worm (8 damage)
             ... on level 2 of the Dungeon.
             The game lasted 00:01:33 (1230 turns).

jejorda2 the Skirmisher (Ogre Abyssal Knight)       Turns: 1230, Time: 00:01:34

Health: 0/33       AC:  3    Str: 15    XL:     2   Next: 87%
Magic:  3/3        EV:  9    Int: 13    God:    Lugonu [*.....]
Gold:   22         SH:  0    Dex:  8    Spells: 1/1 levels left

rFire    . . .     SeeInvis .   a - +1 falchion
rCold    . . .     Faith    .   (no shield)
rNeg     . . .     Spirit   .   b - +0 robe
rPois    .         Reflect  .   (helmet restricted)
rElec    .         Harm     .   g - scarf {shadows}
rCorr    .         Rampage  .   (gloves unavailable)
Will     .....                  (boots unavailable)
Stlth    +.........             (no amulet)
HPRegen  0.11/turn              (no ring)
MPRegen  0.08/turn              (no ring)

@: no status effects
A: large, unfitting armour, tough skin 1
a: Renounce Religion, Depart the Abyss


You were on level 2 of the Dungeon.
You worshipped Lugonu.
Lugonu was aware of your devotion.
You visited 1 branch of the dungeon, and saw 2 of its levels.
You visited the Abyss 1 time.

You collected 22 gold pieces.

Inventory:

Hand Weapons
 a - a +1 falchion (weapon)
Missiles
 c - 12 stones (quivered)
Armour
 b - a +0 robe (worn)
 g - a scarf of shadows (worn)
Scrolls
 d - a scroll of identify {unknown}
Potions
 e - a potion of mutation {unknown}
 f - 2 potions of heal wounds {unknown}


   Skills:
 + Level 4.4 Fighting
 * Level 2.6 Long Blades
 - Level 2.1 Dodging
 - Level 2.0 Invocations


You had one spell level left.
You didn't know any spells.
Your spell library was empty.

Dungeon Overview and Level Annotations

Branches:
Dungeon (2/15)

Altars:


Innate Abilities, Weirdness & Mutations

You are too large for most types of armour.
You have tough skin. (AC +1)


Message History

The worm bites you.
You hit the worm.
The worm is almost dead.
The worm barely misses you.
You hit the worm.
The worm is almost dead.
You hit the worm.
You kill the worm!
Lugonu accepts your kill.
You can now depart the Abyss.
Items here: ) †.
Unknown command.
HP restored.
c - 11 stones (gained 2)
c - 12 stones (gained 1)
Items here: ) †.
There is a stone staircase leading down here.
f - 2 green potions (gained 1)
Found 22 arrows.
A goblin comes into view. It is wielding a +0 club.
The goblin hits you with a +0 club.
You hit the goblin but do no damage. The goblin hits you with a +0 club.
You hit the goblin.
The goblin is severely wounded.
The goblin hits you with a +0 club.
A worm comes into view.
The goblin hits you with a +0 club.
You hit the goblin.
You kill the goblin!
Lugonu accepts your kill. The worm bites you!
Items here: ) †.
You barely miss the worm. The worm barely misses you.
You barely miss the worm. The worm bites you!
* * * LOW HITPOINT WARNING * * *
You hit the worm.
The worm is lightly wounded.
You hit the worm.
The worm is heavily wounded.
The worm bites you!
You die...

.........# #.#.#
####.#...#####.#.#
#.#...#.)<#.#.#
####.#...#.###.#.#
.....#..)..###.#.#
......>.......<#.###
....##.#..>....#...#
.......#......####.#
#......#.######.@..#
#......#.# #w####
#......... #.
#......... #. #. #.
##


You could see a worm.

Vanquished Creatures
  A worm (D:2)
  A dart slug (D:1)
  3 endoplasms (D:1)
  A giant cockroach (D:1)
  4 goblins
  2 hobgoblins
  A kobold (D:2)
  A rat (D:1)
14 creatures vanquished.

Notes
Turn   | Place    | Note
-------+----------+-------------------------------------------
     0 | Abyss:1  | jejorda2 the Ogre Abyssal Knight began the quest for the
                  | Orb.
     0 | Abyss:1  | Reached XP level 1. HP: 24/24 MP: 2/2
    64 | Abyss:1  | Noticed a large abomination
    64 | Abyss:1  | Noticed a shadow
    65 | D:1      | Escaped the Abyss
   399 | D:1      | Reached XP level 2. HP: 29/32 MP: 3/3
  1140 | D:2      | Reached * piety under Lugonu
  1230 | D:2      | Slain by a worm

Illustrated notes

Levels and vault maps discovered:
D:1:      mrwooster_arrival_statue_2, layout_basic, serial_corexii_hall,
          corexii_hall_statues_t, chequers_hall_statues_y,
          corexii_hall_statues_i, corexii_hall_statues_s,
          chequers_hall_statues_wall_a, chequers_hall_statues_y
D:2:      layout_basic

Skill      XL: |  1 |
---------------+----+-----
Long Blades    | 2 |  2.6
Fighting       | |  4.4
Dodging        | |  2.1
Invocations    | |  2.0

Action                   || total
-------------------------++-------
Melee: Falchion          ||    54
Throw: Stone             ||     3
Invok: Depart the Abyss  ||     1
Armor: Robe              ||    13
Dodge: Dodged            ||    15
       Rpst.: Falchion   ||     4
